 Dungeon Crawl Stone Soup version 0.31.0-11-ge490571c62 (webtiles) character file.

Game seed: 18419704576366503

299 browni3141 the Chopper (level 6, -2/56 HPs)
             Began as a Minotaur Fighter on Jan 27, 2024.
             Slain by Duvessa
             ... wielding a +0 short sword
              (7 damage)
             ... on level 5 of the Dungeon.
             The game lasted 00:01:11 (1238 turns).

browni3141 the Chopper (Minotaur Fighter)           Turns: 1238, Time: 00:01:12

Health: -2/56      AC:  6    Str: 23    XL:     6   Next: 13%
Magic:  5/5        EV:  7    Int:  5    God:
Gold:   55         SH: 11    Dex:  9    Spells: 5/5 levels left

rFire   . . .        a - +0 war axe
rCold   . . .        d - +0 tower shield
rNeg    . . .        b - +0 scale mail
rPois   .            (helmet restricted)
rElec   .            (no cloak)
rCorr   .            (no gloves)
SInv    .            (no boots)
Will    .....        (no amulet) Stlth
                     (no ring)
HPRegen 0.29/turn    (no ring)
MPRegen 0.09/turn

%: no passive effects
@: lit by a corona, glowing
A: horns 2, retaliatory headbutt
a: no special abilities


You were on level 5 of the Dungeon.
You visited 2 branches of the dungeon, and saw 6 of its levels.

You collected 55 gold pieces.

Inventory:

Hand Weapons
 a - a +0 war axe (weapon)
Armour
 b - a +0 scale mail (worn)
 c - a +0 buckler
 d - a +0 tower shield (worn)
Jewellery
 n - a ring of protection from fire
Scrolls
 f - 2 scrolls of identify {unknown}
 g - a scroll of vulnerability {unknown}
 h - 2 scrolls of teleportation {unknown}
 j - a scroll of immolation {unknown}
 l - a scroll of revelation {unknown}
Potions
 i - a potion of haste {unknown}
 k - a potion of attraction {unknown}
 m - 2 potions of curing {unknown}


   Skills:
 - Level 5.5 Fighting
 * Level 6.3 Axes
 - Level 3.6 Armour
 * Level 4.1 Shields


You had 5 spell levels left.
You didn't know any spells.
Your spell library was empty.

Dungeon Overview and Level Annotations

Branches:
Dungeon (5/15)             Temple (1/1) D:5

Altars:
Ashenzari
Cheibriados
Dithmenos
Elyvilon
Fedhas
Gozag
Hepliaklqana
Kikubaaqudgha
Makhleb
Qazlal
Sif Muna
Trog
Uskayaw
Wu Jian
Xom
Zin
The Shining One

Annotations:
D:5 Dowan, Duvessa
Temple 2 transporters


Innate Abilities, Weirdness & Mutations

You have a pair of horns on your head.
You reflexively headbutt those who attack you in melee.


Message History

Can't find anything matching that.
You climb upwards.
Welcome back to the Dungeon!
There is a staircase to the Ecumenical Temple here.
You start removing your armour.
You continue taking off your +0 buckler. x4
You finish taking off your +0 buckler.
You start putting on your armour.
You continue putting on your +0 tower shield. x5
You finish putting on your +0 tower shield.
There is a stone staircase leading down here.
Found a stone staircase leading down.
A hound comes into view.
The hound barks!
A hound is nearby!
A hound is nearby!
A hound is nearby!
A white imp comes into view.
The white imp shouts, "Decamp, thou fobbing tip-merry brisket!"
The hound bites you.
You slash the hound!
The hound is almost dead.
The hound bites you. The hound bites you but does no damage.
You barely miss the hound. Your headbutt misses the hound.
The hound is almost dead.
The hound closely misses you. You block the hound's attack.
You hit the hound.
You kill the hound!
Your Shields skill increases to level 4!
You have reached level 6!
You block the white imp's attack.
You slash the white imp!
The white imp is almost dead.
The white imp gestures at you. The puff of frost misses you.
You slash the white imp!
You kill the white imp!
No target in view!
No target in view!
Key pressed, stopping explore.
HP restored.
You now have 55 gold pieces (gained 16).
m - 2 fizzy cyan potions (gained 1)
h - 2 scrolls labelled BARUXA LUASOQ (gained 1)
n - a ring of protection from fire Duvessa, Sister of Dowan comes into view.
She is wielding a +0 short sword.
Duvessa is nearby!
Duvessa is nearby!
Duvessa is nearby!
Dowan, Brother of Duvessa comes into view.
He is wielding a +0 dagger.
Dowan shouts!
Duvessa hits you with a +0 short sword!
You hit Duvessa but do no damage. You headbutt Duvessa.
Duvessa is lightly wounded.
Dowan gestures wildly while chanting.
Dowan blinks!
You closely miss Duvessa. Your headbutt misses Duvessa.
Duvessa is lightly wounded.
You closely miss Dowan. Duvessa hits you with a +0 short sword.
Dowan casts a spell at you.
You are outlined in light.
You block Duvessa's attack. Dowan hits you with a +0 dagger.
You hit Duvessa.
Duvessa is lightly wounded.
You barely miss Dowan. You block Duvessa's attack.
Dowan hits you with a +0 dagger.
You hit Duvessa but do no damage. You headbutt Duvessa, but do no damage.
Duvessa is lightly wounded.
You barely miss Dowan. You block Duvessa's attack. You block Dowan's attack.
Dowan barely misses you. Duvessa hits you with a +0 short sword.
You closely miss Duvessa.
Duvessa is lightly wounded.
You closely miss Dowan. Duvessa hits you with a +0 short sword!
You block Dowan's attack.
Unknown command.
You barely miss Duvessa.
Duvessa is lightly wounded.
You hit Dowan but do no damage. Duvessa hits you but does no damage.
You block Dowan's attack.
Unknown command.
The air fills with toxic fumes!
As you read the scroll of poison, it crumbles to dust.
You block Dowan's attack. Duvessa hits you with a +0 short sword!
You closely miss Duvessa.
Duvessa is lightly wounded.
You slash Dowan! Duvessa hits you with a +0 short sword.
You block Dowan's attack. Duvessa hits you with a +0 short sword.
Dowan hits you but does no damage.
You hit Duvessa. Your headbutt misses Duvessa.
Duvessa is lightly wounded.
You hit Dowan. Duvessa closely misses you. Dowan barely misses you.
You furiously retaliate!
You headbutt Dowan. You barely miss Duvessa.
You headbutt Duvessa, but do no damage.
Duvessa is lightly wounded.
You barely miss Dowan. Duvessa hits you with a +0 short sword!
Dowan hits you but does no damage. Duvessa hits you with a +0 short sword.
Dowan hits you but does no damage.
You hit Duvessa.
Duvessa is moderately wounded.
You closely miss Dowan. Duvessa hits you with a +0 short sword!
You die...

#.........# #§§.......#
#############§§.......#
☼☼§§§§§§§§§§§☼§.......#
§§☼§§§§§§§§§§☼§.......#
§§§§§§§§§☼§§☼§§.......#
§☼§§§§§§☼§§☼§§☼.......#
§§§§§§§e§§§§§§§.......#
§§§§☼§§@§§§§§§§.......##
§§§§§§e§§§☼☼§☼§.........
######§§§§☼☼§§☼.........
#§§§§§§§#########..
#☼§§§§☼§# #.. #§§§§§§§#
#.. #§§§§§§§# #..
#§§§§☼§§# #.. #.......#
#..


You could see Duvessa and Dowan.

Vanquished Creatures
  A water moccasin (D:5)
  A hound (D:5)
  An iguana (D:5)
  An orc wizard (D:4)
  7 gnolls (D:5)
  2 adders
  A white imp (D:5)
  A dart slug (D:4)
  4 orcs (D:4)
  A bat (D:3)
  2 endoplasms (D:2)
  A hobgoblin (D:3)
  4 jackals (D:3)
  A quokka (D:3)
  A kobold (D:4)
  A rat (D:2)
30 creatures vanquished.

Notes
Turn   | Place    | Note
-------+----------+-------------------------------------------
     0 | D:1      | browni3141 the Minotaur Fighter began the quest for the
                  | Orb.
     0 | D:1      | Reached XP level 1. HP: 19/19 MP: 0/0
   129 | D:2      | Reached skill level 3 in Axes
   129 | D:2      | Reached XP level 2. HP: 26/27 MP: 1/1
   236 | D:4      | Reached XP level 3. HP: 29/33 MP: 2/2
   240 | D:4      | Reached skill level 4 in Axes
   257 | D:5      | Entered Level 5 of the Dungeon
   344 | D:5      | Reached XP level 4. HP: 19/41 MP: 3/3
   489 | D:5      | Reached skill level 5 in Axes
   676 | D:5      | Noticed a water moccasin
   683 | D:5      | Killed a water moccasin
   684 | D:5      | Reached skill level 5 in Fighting
   684 | D:5      | Reached skill level 6 in Axes
   684 | D:5      | Reached XP level 5. HP: 15/48 MP: 4/4
   949 | D:5      | Found a staircase to the Ecumenical Temple.
   970 | Temple   | Found a transporter.
   970 | Temple   | Found a transporter.
   970 | Temple   | Found a transporter.
   970 | Temple   | Found a transporter.
   970 | Temple   | Entered the Ecumenical Temple
  1177 | D:5      | Reached XP level 6. HP: 54/56 MP: 5/5
  1224 | D:5      | Noticed Duvessa
  1227 | D:5      | Noticed Dowan
  1238 | D:5      | Slain by Duvessa

Illustrated notes

Levels and vault maps discovered:
D:1:      shiori_arrival_elements, layout_basic, serial_glass, glass_columns_a,
          glass_columns_a, serial_shops, shop_statue,
          shapermc_ecumenical_altar_mp_urbaneastern
D:2:      layout_rooms, uniq_crazy_yiuf_cottage, uniq_sigmund
D:3:      kennysheep_goblin_castle, layout_basic,
          chequers_temple_overflow_statue_of_worship, uniq_grinder, uniq_terence
D:4:      layout_basic, minmay_door_square
D:5:      layout_gridville, minmay_temple_entry_glass, uniq_duvessa
Temple:   hellmonk_temple_divided_pantheon

Skill      XL: |  1  2  3  4  5 |
---------------+----------------+-----
Axes           | 3 4 6 |  6.3
Fighting       | 4 5 |  5.5
Shields        | 4 |  4.1
Armour         | |  3.6

Action                     |  1- 3 |  4- 6 || total
---------------------------+-------+-------++-------
  Melee: War axe           |    42 |    34 ||    76
         Headbutt          |     3 |     6 ||     9
    Use: Scroll            |     1 |     1 ||     2
         Potion            |       |     2 ||     2
 Armour: Scale mail        |    37 |    48 ||    85
  Dodge: Dodged            |    24 |    15 ||    39
  Block: Buckler           |    13 |     3 ||    16
         Tower shield      |       |    10 ||    10
